Cogmind - Beta 16 @@@ ROGUE MODE // 2025.11.23 @ 20:47:21 Player: btrs Result: Destroyed by S-27 Virus with Autogun Performance ------------- Evolutions (4) 2000 Regions Visited (7) 1400 Robots Destroyed (43) 215 Value Destroyed (1228) 1228 Prototype IDs (8) 160 Alien Tech Used (0) 0 Bonus (0) 0 TOTAL SCORE: 5003 Bonus ------- None Cogmind --------- Core Integrity 0/850 Matter 300/300 Energy 98/100 System Corruption 4% Temperature Cool (0) Movement Rolling (74) Location -6/Lower Caves Parts ------- > --- POWER (2) -------- (None) > --- PROPULSION (5) --- Wheeled Huge-Gravmag Exoskeleton > --- UTILITY (5) ------ Scrap Engine Improved Signal Interpreter > --- WEAPON (3) ------- (None) > --- INVENTORY (5) ---- Improved Heat Sink Enhanced Optical Array Improved Sensor Array Advanced Targeting Computer Katana Peak State ------------ > --- POWER ------------ Antimatter Reactor Deuterium-Ion Engine > --- PROPULSION ------- Wheeled Huge-Gravmag Exoskeleton > --- UTILITY ---------- Armored Scrap Engine Gravity Neutralizer Sensor Array Improved Signal Interpreter > --- WEAPON ----------- Flak Accelerated Construct/G Hyp. Ballistic Mass Construct/C > --- INVENTORY -------- Enhanced Optical Array Advanced Targeting Computer Light Assault Rifle Hypervelocity Mass Driver Katana [Rating: 82] Favorites ----------- Power Antimatter Reactor Engine Constructs Reactor Antimatter Reactor Propulsion Constructs Treads Light Treads Wheel Constructs Flight Unit Flight Unit Utility Improved Signal Interpreter Device Armored Scrap Engine Storage Small Storage Unit Processor Improved Signal Interpreter Weapon Constructs Energy Gun EM Pulse Gun Ballistic Gun Constructs Ballistic Cannon Constructs Build | -11 -10 -10 -8 -6 -6 -6 -6 ------- Run | Yrd Mat Sub Rec Fac Was Fac Low Slots Evolved 8 | . . . . 8 . . . Power 1 | . . . . 1 . . . Propulsion 3 | . . . . 3 . . . Utility 3 | . . . . 3 . . . Weapon 1 | . . . . 1 . . . Parts Attached 25 | 6 9 . 2 2 1 5 . Power 4 | 1 2 . . . 1 . . Engine 3 | 1 2 . . . . . . Core . | . . . . . . . . Reactor 1 | . . . . . 1 . . Propulsion 4 | 2 2 . . . . . . Treads 2 | 2 . . . . . . . Leg . | . . . . . . . . Wheel . | . . . . . . . . Hover . | . . . . . . . . Flight 2 | . 2 . . . . . . Utility 11 | 1 2 . 1 2 . 5 . Device 7 | . 1 . 1 1 . 4 . Storage 1 | 1 . . . . . . . Processor 3 | . 1 . . 1 . 1 . Hackware . | . . . . . . . . Protection . | . . . . . . . . Artifact . | . . . . . . . . Weapon 6 | 2 3 . 1 . . . . Energy Gun 1 | 1 . . . . . . . Energy Cannon . | . . . . . . . . Ballistic Gun 5 | 1 3 . 1 . . . . Ballistic Cannon . | . . . . . . . . Launcher . | . . . . . . . . Special Weapon . | . . . . . . . . Impact Weapon . | . . . . . . . . Slashing Weapon . | . . . . . . . . Piercing Weapon . | . . . . . . . . Special Melee Weapon . | . . . . . . . . Unidentified Prototypes 2 | . . . 1 . . 1 . Parts Lost 15 | . 2 . 2 . . 10 1 Power 4 | . . . 1 . . 3 . Propulsion 2 | . . . . . . 1 1 Utility 3 | . . . . . . 3 . Weapon 6 | . 2 . 1 . . 3 . Highest Loss Streak 3 | . 1 . 2 . . 3 1 To Critical Strikes . | . . . . . . . . Average Backups 5 | 1 7 5 4 4 5 4 5 Power . | . 1 1 . . . . . Propulsion . | . 2 1 . . . . . Utility 2 | . 1 1 2 2 2 2 4 Weapon 2 | . 2 2 1 2 3 2 1 Tool/Special . | . . . . . . . . Unused Backups 9 | . 1 . 2 1 . 1 4 Power . | . . . . . . . . Propulsion 1 | . . . 1 . . . . Utility 4 | . . . . 1 . . 3 Weapon 4 | . 1 . 1 . . 1 1 Tool/Special . | . . . . . . . . Average Slot Usage (%) 70 | . 86 100 67 55 74 57 20 Engine 4 | . 14 14 2 . . . . Reactor 6 | . . . . . 11 10 . Treads 6 | . 27 . . . . . . Hover 2 | . . . . . 6 1 . Flight 5 | . . 28 28 13 9 . . Device 14 | . 1 14 14 19 20 18 6 Storage 3 | . 14 . . . . . . Processor 5 | . . 14 4 6 6 6 6 Energy Gun 4 | . 3 . . 3 9 4 . Ballistic Gun 10 | . 24 28 17 8 6 1 . Ballistic Cannon 3 | . . . . . 2 8 . Peak Build Rating 82 | 6 7 7 23 40 63 82 30 Average Rating 41 | 4 6 7 17 34 58 62 29 On Entrance 21 | . 6 7 7 23 40 62 30 Avg Prop Armor Cover (%) 4 | . . . . 6 4 . . Naked Turns . | . . . . . . . . Heaviest Build 41 | 14 14 6 6 10 40 41 1 Greatest Support 43 | 40 40 8 8 14 14 43 34 Greatest Overweight (x) 2 | . . . . 1 2 2 . Average Overweight (x) . | . . . . . 1 . . Largest Inventory Capacity 8 | 8 8 5 5 5 5 5 5 Average Capacity 5 | 6 7 5 5 5 5 5 5 Most Carried 8 | 2 8 5 5 5 5 5 5 Average Carried 5 | 1 7 5 4 4 4 4 5 Final Capacity 8 | 8 5 5 5 5 5 5 5 Final Carried 5 | 2 5 5 5 5 5 5 5 Scrap Engine Consumption 85 | . . . 16 3 31 35 . Constructs Created 6 | . . . . 3 2 1 . Constructs Modified 22 | . . . . 1 8 13 . Class Distribution -------------------- 42% | Construct 33% | Mutant 15% | Scavenger-Construct 9% | Scavenger-Mutant Dominant Class ---------------- Mutant | -10/Materials Scavenger-Mutant | -10/Subcaves Mutant | -8/Recycling Mutant | -6/Factory Scavenger-Construct | -6/Waste Construct | -6/Factory Construct | -6/Lower Caves Resources | -11 -10 -10 -8 -6 -6 -6 -6 ----------- Run | Yrd Mat Sub Rec Fac Was Fac Low Matter Collected 1182 | 114 354 45 14 . 50 605 . Remotely . | . . . . . . . . Salvage Created 2471 | . 541 . . . . 1930 . Parts 98 | . 30 . . . . 68 . Haulers Intercepted 2 | . . . . . . 2 . Recyclers Shooed 2 | . . . . . . 2 . Parts Field Recycled . | . . . . . . . . Retrieved Matter . | . . . . . . . . Parts Self-Destructed . | . . . . . . . . Prevented . | . . . . . . . . Parts Restored . | . . . . . . . . Kills | -11 -10 -10 -8 -6 -6 -6 -6 ------- Run | Yrd Mat Sub Rec Fac Was Fac Low Combat Hostiles Destroyed 28 | . 16 . . . . 12 . Guns 18 | . 16 . . . . 2 . Cannons 10 | . . . . . . 10 . Classes Destroyed 9 | . 3 . . . . 6 . Worker 2 | . 1 . . . . 1 . Builder 3 | . . . . . . 3 . Hauler 2 | . . . . . . 2 . Recycler 7 | . . . . . . 7 . Operator 1 | . . . . . . 1 . Swarmer 6 | . 6 . . . . . . Grunt 17 | . 10 . . . . 7 . Sentry 3 | . . . . . . 3 . Programmer 2 | . . . . . . 2 . Best Kill Streak 6 | . 6 . . . . 6 . Combat Bots Only 5 | . 5 . . . . 5 . Max Kills in Single Turn 2 | . 2 . . . . 2 . Gunslinging 1 | . 1 . . . . . . Exploded . | . . . . . . . . Melee . | . . . . . . . . Uniques/NPCs Destroyed . | . . . . . . . . Combat | -11 -10 -10 -8 -6 -6 -6 -6 -------- Run | Yrd Mat Sub Rec Fac Was Fac Low Hostile Shots Fired 406 | . 99 21 8 . . 266 12 Missed 129 | . 27 11 4 . . 85 2 Hits 277 | . 72 10 4 . . 181 10 Melee 1 | . . . . . . 1 . Projectile 276 | . 72 10 4 . . 180 10 Critical Strikes 10 | . 3 . . . . 6 1 Damage Taken 4351 | . 703 77 83 . . 3344 144 Core 1036 | . 128 28 18 . . 777 85 Absorbed by Shields . | . . . . . . . . Regen/Repaired (Parts) 369 | . . . . . 60 309 . Core Remaining (%) 65 | 100 . . 30 . . . . Volleys Fired 131 | . 69 . 1 . . 61 . Largest 3 | . 2 . 1 . . 3 . Hottest 171 | . 60 . 20 . . 171 . Shots Fired 270 | . 135 . 1 . . 134 . Gun 197 | . 135 . 1 . . 61 . Cannon 73 | . . . . . . 73 . Launcher . | . . . . . . . . Special . | . . . . . . . . Kinetic 247 | . 112 . 1 . . 134 . Thermal . | . . . . . . . . Explosive . | . . . . . . . . Electromagnetic 23 | . 23 . . . . . . Robot Hit Streak 23 | . 23 . . . . 17 . Robot Miss Streak 6 | . 5 . 1 . . 6 . Penetration Max 2 | . . . . . . 2 . Secondary Targets 4 | . 4 . . . . . . Max Gunslinging Chain 1 | . 1 . . . . . . Shots Hit Robots 197 | . 98 . . . . 99 . Core Hits 102 | . 32 . . . . 70 . Critical Kills . | . . . . . . . . Critical Parts Destroyed . | . . . . . . . . Critical Strikes 1 | . 1 . . . . . . Corrupt 1 | . 1 . . . . . . Melee Attacks . | . . . . . . . . Impact . | . . . . . . . . Slashing . | . . . . . . . . Piercing . | . . . . . . . . Sneak Attacks . | . . . . . . . . Combat Hostiles . | . . . . . . . . Follow-up Attacks . | . . . . . . . . Damage Inflicted 4168 | . 1025 . . . . 3143 . Guns 2108 | . 1016 . . . . 1092 . Cannons 1949 | . . . . . . 1949 . Explosions 31 | . . . . . . 31 . Melee . | . . . . . . . . Ramming 80 | . 9 . . . . 71 . Kinetic 3796 | . 755 . . . . 3041 . Thermal 31 | . . . . . . 31 . Explosive . | . . . . . . . . Electromagnetic 261 | . 261 . . . . . . Impact . | . . . . . . . . Slashing . | . . . . . . . . Piercing . | . . . . . . . . Highest Corruption 4 | . 2 2 2 . . 4 4 Average Corruption 2 | . 2 2 2 . . 2 4 Corruption Purged . | . . . . . . . . Corruption Blocked . | . . . . . . . . Effects 14 | . 4 5 1 . . 4 . Message Errors 5 | . 1 . 1 . . 3 . Matter Fused 4 | . 1 3 . . . . . Heat Flow Errors 1 | . . 1 . . . . . Energy Discharges 1 | . . . . . . 1 . Data Loss (minor) 2 | . 1 1 . . . . . Alerts 1 | . 1 . . . . . . Overload Shots . | . . . . . . . . Overflow Damage 79 | . . . . . . 79 . Projectiles 77 | . . . . . . 77 . Explosions . | . . . . . . . . Melee 2 | . . . . . . 2 . Knockbacks 13 | . . . . . . 13 . Impact . | . . . . . . . . Kinetic 11 | . . . . . . 11 . Secondary 2 | . . . . . . 2 . Self-Inflicted Damage 95 | . . . . . . 95 . Shots 1 | . . . . . . 1 . Rammed 13 | . 1 . . . . 12 . Targets Rammed 15 | . 2 . . . . 13 . Kicked 1 | . . . . . . 1 . Crushed 1 | . 1 . . . . . . Highest Temperature 492 | . 123 127 5 . . 492 . Average Temperature 100 | . 55 73 5 . . 110 . Received Heat Transfer 1173 | . 246 42 48 . . 837 . Effects 2 | . . . . . . 2 . Shutdowns 2 | . . . . . . 2 . Siege Activations . | . . . . . . . . Martial Activations . | . . . . . . . . Shielding Activations . | . . . . . . . . Robots Disrupted . | . . . . . . . . Combat Hostiles . | . . . . . . . . Robots Corrupted 1 | . . . . . . 1 . Combat Hostiles . | . . . . . . . . Parts Fried 2 | . . . . . . 2 . Impact Corruptions 1 | . . . . . . 1 . Robots Melted . | . . . . . . . . Combat Hostiles . | . . . . . . . . Parts Melted . | . . . . . . . . Heat Transferred 50 | . . . . . . 50 . Parts Sabotaged . | . . . . . . . . Parts Stolen . | . . . . . . . . Parts Stripped . | . . . . . . . . Power Chain Reactions . | . . . . . . . . Alert | -11 -10 -10 -8 -6 -6 -6 -6 ------- Run | Yrd Mat Sub Rec Fac Was Fac Low Maximum Alert Level 2 | . . . . . . 2 . Low Security (%) 94 | 100 100 . 100 100 100 87 . Level 1 4 | . . . . . . 9 . Level 2 1 | . . . . . . 2 . Level 3 . | . . . . . . . . Level 4 . | . . . . . . . . Level 5 . | . . . . . . . . High Security . | . . . . . . . . Max Security . | . . . . . . . . Peak Influence 443 | . 121 . 15 2 . 443 . Initial 2 | . . . . 2 . . . Average 43 | . 45 . . . . 76 . Influence Increases 1387 | . 386 90 15 . . 896 . Destroy 0b10 Robot/C 560 | . 320 . . . . 240 . Destroy 0b10 Robot/NC 75 | . 5 . . . . 70 . Destroy Leader 144 | . 60 . . . . 84 . Successful Hack 8 | . . . . . . 8 . Disable Machine 75 | . . . . . . 75 . Destroy Structure 60 | . 1 . . . . 59 . Partial Spotted 15 | . . . . . . 15 . Lose Combat Pursuer 450 | . . 90 15 . . 345 . Influence Decreases 1118 | . 384 92 10 5 . 453 174 Entered New Map 169 | . . 2 . 3 . . 164 Time Decay 819 | . 364 90 10 2 . 353 . Lost Part 130 | . 20 . . . . 100 10 Squads Dispatched 14 | . 3 . . . . 11 . Investigation 2 | . 1 . . . . 1 . Extermination 3 | . . . . . . 3 . Reinforcement 6 | . 2 . . . . 4 . Assault . | . . . . . . . . Garrison 3 | . . . . . . 3 . Intercept . | . . . . . . . . Searches Triggered . | . . . . . . . . Construction Impeded 2 | . . . . . . 2 . Haulers Reinforced 1 | . . . . . . 1 . Active Scanning Responses . | . . . . . . . . Cargo Convoy Interrupts . | . . . . . . . . Stealth | -11 -10 -10 -8 -6 -6 -6 -6 --------- Run | Yrd Mat Sub Rec Fac Was Fac Low Distress Signals 6 | . 3 . . . . 3 . Communications Jammed . | . . . . . . . . Distress Signals . | . . . . . . . . Times Spotted 95 | . 28 13 3 . . 47 4 Peak Tracking Total 21 | . 6 8 2 . . 21 4 Tactical Retreats 12 | . . 4 2 . . 6 . Traps | -11 -10 -10 -8 -6 -6 -6 -6 ------- Run | Yrd Mat Sub Rec Fac Was Fac Low Traps Triggered 8 | . 2 . . 1 . 5 . Indirectly . | . . . . . . . . Trap Hack Attempts . | . . . . . . . . Triggered . | . . . . . . . . Disarmed . | . . . . . . . . Reprogrammed . | . . . . . . . . Reused . | . . . . . . . . Traps Extracted . | . . . . . . . . Installed . | . . . . . . . . Triggered . | . . . . . . . . Machines | -11 -10 -10 -8 -6 -6 -6 -6 ---------- Run | Yrd Mat Sub Rec Fac Was Fac Low Machines Disabled 5 | . . . . . . 5 . Max in Single Turn 1 | . . . . . . 1 . Machines Repaired . | . . . . . . . . Machines Dismantled . | . . . . . . . . Machines Sabotaged . | . . . . . . . . Overloaded Fab Kills . | . . . . . . . . Hacking | -11 -10 -10 -8 -6 -6 -6 -6 --------- Run | Yrd Mat Sub Rec Fac Was Fac Low Machines Accessed 5 | . . . 1 1 . 3 . Terminals 3 | . . . . 1 . 2 . Fabricators . | . . . . . . . . Repair Stations . | . . . . . . . . Recycling Units 1 | . . . . . . 1 . Scanalyzers . | . . . . . . . . Garrison Access . | . . . . . . . . Total Hacks 7 | . . . 2 2 . 3 . Successful 5 | . . . 2 1 . 2 . Failed 2 | . . . . 1 . 1 . Catastrophic 2 | . . . . 1 . 1 . Database Lockouts . | . . . . . . . . Manual 3 | . . . . 1 . 2 . Terminals 4 | . . . . 2 . 2 . Fabricators . | . . . . . . . . Repair Stations . | . . . . . . . . Recycling Units 1 | . . . . . . 1 . Scanalyzers . | . . . . . . . . Garrison Access . | . . . . . . . . Terminal Hacks 4 | . . . 2 1 . 1 . Record 1 | . . . . 1 . . . Branch Access Points 1 | . . . . . . 1 . Release Object 2 | . . . 2 . . . . Fabricator Hacks . | . . . . . . . . Repair Station Hacks . | . . . . . . . . Recycling Unit Hacks 1 | . . . . . . 1 . Report Inventory 1 | . . . . . . 1 . Scanalyzer . | . . . . . . . . Garrison Access Hacks . | . . . . . . . . Unauthorized Hacks . | . . . . . . . . Terminals . | . . . . . . . . Fabricators . | . . . . . . . . Repair Stations . | . . . . . . . . Recycling Units . | . . . . . . . . Scanalyzers . | . . . . . . . . Garrison Access . | . . . . . . . . Data Cores Recovered 1 | . . . . . . 1 . Used . | . . . . . . . . Hacking Detections 3 | . . . . 1 . 2 . Full Trace Events . | . . . . . . . . Feedback Events . | . . . . . . . . Feedback Blocked . | . . . . . . . . Robot Schematics Acquired . | . . . . . . . . Robots Built . | . . . . . . . . Authchips . | . . . . . . . . Time . | . . . . . . . . Total Robot Build Rating . | . . . . . . . . Part Schematics Acquired . | . . . . . . . . Parts Built . | . . . . . . . . Authchips . | . . . . . . . . Time . | . . . . . . . . Total Part Build Rating . | . . . . . . . . Part Studies Acquired . | . . . . . . . . Parts Repaired . | . . . . . . . . Time . | . . . . . . . . Parts Recycled . | . . . . . . . . Recycled Matter . | . . . . . . . . Retrieved Matter . | . . . . . . . . Retrieved Components . | . . . . . . . . Parts Scanalyzed . | . . . . . . . . Part Schematics Acquired . | . . . . . . . . Parts Damaged . | . . . . . . . . Bothacking | -11 -10 -10 -8 -6 -6 -6 -6 ------------ Run | Yrd Mat Sub Rec Fac Was Fac Low Used RIF Installer . | . . . . . . . . Robots Hacked . | . . . . . . . . Non-combat . | . . . . . . . . Combat . | . . . . . . . . Robot Hacks Applied . | . . . . . . . . Relay Couplers Released . | . . . . . . . . Fabnet Peak Effective % . | . . . . . . . . Robots Rewired . | . . . . . . . . Allies Hacked . | . . . . . . . . Hacks Repelled . | . . . . . . . . Allies | -11 -10 -10 -8 -6 -6 -6 -6 -------- Run | Yrd Mat Sub Rec Fac Was Fac Low Total Allies . | . . . . . . . . Largest Group . | . . . . . . . . Highest-Rated Group . | . . . . . . . . Highest-Rated Ally . | . . . . . . . . Total Orders . | . . . . . . . . Ally Attacks . | . . . . . . . . Total Damage . | . . . . . . . . Kills . | . . . . . . . . Allies Corrupted . | . . . . . . . . Allies Melted . | . . . . . . . . Intel | -11 -10 -10 -8 -6 -6 -6 -6 ------- Run | Yrd Mat Sub Rec Fac Was Fac Low Active Infowar (turns) 3119 | . 116 263 44 184 981 1531 . Sensors 3119 | . 116 263 44 184 981 1531 . Robot Analysis Total . | . . . . . . . . Derelict Logs Recovered 1 | . . 1 . . . . . Drone Launches . | . . . . . . . . Drone Recoveries . | . . . . . . . . Exploration | -11 -10 -10 -8 -6 -6 -6 -6 ------------- Run | Yrd Mat Sub Rec Fac Was Fac Low Turns Passed 4352 | 73 962 263 164 185 981 1711 13 Spaces Moved 2843 | 40 417 659 341 214 313 842 17 Core 1 | 1 . . . . . . . Treads 569 | 39 412 . . . . 118 . Legs 203 | . . . . 66 . 137 . Wheels 415 | . . . . . . 398 17 Hover 528 | . . . . 26 313 189 . Flight 1127 | . 5 659 341 122 . . . Fastest Speed 37 | 50 37 37 37 37 62 74 74 Average Speed 111 | 157 158 37 37 65 217 148 74 Slowest Speed 292 | 160 160 37 37 145 292 292 74 Overloaded Moves . | . . . . . . . . Propulsion Burnouts . | . . . . . . . . Robots Hopped 3 | . . . 3 . . . . Potential Cave-ins . | . . . . . . . . Cave-ins Triggered . | . . . . . . . . Exploration Rate (%) 38 | 5 76 43 52 5 93 21 10 Regions Visited 7 Branch Regions 3 Pre-discovered Areas 1 | . . 1 . . . . . Known Exits Taken 3 | . 1 1 . . . 1 . Unknown Exits Taken 2 | 1 . . 1 . . . . Scrap Searched . | . . . . . . . . Spaces Dug 1 | . . . . . . 1 . Terrain Destroyed 66 | . . . . . . 66 . Melee . | . . . . . . . . Projectile 25 | . . . . . . 25 . AOE 41 | . . . . . . 41 . Terrain Rammed . | . . . . . . . . Walls Destroyed . | . . . . . . . . Machines Disabled . | . . . . . . . . Actions | -11 -10 -10 -8 -6 -6 -6 -6 --------- Run | Yrd Mat Sub Rec Fac Was Fac Low Total 3775 | 47 600 677 376 261 615 1182 17 Wait 721 | . 85 19 26 39 298 254 . Move 2832 | 39 416 658 335 214 312 841 17 Hop 2 | . . . 2 . . . . Pick Up 23 | 2 11 . 5 2 1 2 . Fast Attach 8 | 6 1 . . . 1 . . Attach 10 | . 5 . 2 3 . . . Detach 3 | . . . 1 2 . . . Swap 9 | . 3 . . . . 6 . Drop 21 | . 8 . 4 1 3 5 . Fire 131 | . 69 . 1 . . 61 . Melee . | . . . . . . . . Ram 12 | . . . . . . 12 . Kick 1 | . . . . . . 1 . Crush 2 | . 2 . . . . . . Escape Stasis . | . . . . . . . . Rewire . | . . . . . . . . Trap . | . . . . . . . . Miscellaneous . | . . . . . . . . Route ------- -11/Scrapyard -10/Materials (discovered 6 exits: [*Mat x3] / [*Min x2] / *Sub) -10/Subcaves (discovered 2 exits: *Mat / *Rec) -8/Recycling -6/Factory -6/Waste -6/Factory (discovered 2 exits: *Low x2) -6/Lower Caves History --------- Turn | Location | Event 19 | -11/Scrapyard | Discovered new exit (range 16) 74 | -11/Scrapyard | Entered Materials 257 | -10/Materials | Discovered new exit (range 16) 303 | -10/Materials | Build established: Mutant 364 | -10/Materials | Discovered new exit (range 14) 400 | -10/Materials | Discovered new exit (range 11) 515 | -10/Materials | Discovered new exit (range 10) 734 | -10/Materials | Core integrity fell below 50% 1004 | -10/Materials | Discovered new exit (range 15) 1011 | -10/Materials | Discovered new exit (range 9) 1035 | -10/Materials | Identified exit to Subcaves 1036 | -10/Materials | Entered Subcaves 1037 | -10/Subcaves | Approached by a straggling Scientist 1069 | -10/Subcaves | Learned Materials terminal intel 1083 | -10/Subcaves | Discovered new exit (range 12) 1086 | -10/Subcaves | Identified exit to Materials 1160 | -10/Subcaves | Learned location of Zion (-7) 1160 | -10/Subcaves | Met a Zionite searching for "candidates" 1296 | -10/Subcaves | Discovered new exit (range 10) 1299 | -10/Subcaves | Identified exit to Recycling 1299 | -10/Subcaves | Entered Recycling 1313 | -8/Recycling | Scanned before Scraplab entrance 1318 | -8/Recycling | Entered Scraplab 1319 | -8/Recycling | Build established: Scavenger-Mutant 1320 | -8/Recycling | Angered Scraplab inhabitants 1321 | -8/Recycling | Found Prototype Device 1344 | -8/Recycling | Identified Scrap Engine 1426 | -8/Recycling | Discovered new exit (range 8) 1463 | -8/Recycling | Entered Factory 1463 | -6/Factory | Evolved 8 slots: Power x1, Propulsion x3, Utility x3, Weapon x1 1648 | -6/Factory | Sucked down chute 1648 | -6/Factory | Entered Waste 1648 | -6/Waste | The area was eerily silent 1936 | -6/Waste | Discovered new exit (range 12) 2029 | -6/Waste | Build established: Scavenger-Construct 2386 | -6/Waste | Identified exit to Factory 2629 | -6/Waste | Entered Factory 2700 | -6/Factory | Build established: Construct 3577 | -6/Factory | Identified exit to Lower Caves 4063 | -6/Factory | Garrison activated, responded to threat 4191 | -6/Factory | Lost 3 parts (1p1u1w) 4208 | -6/Factory | Core integrity fell below 50% 4283 | -6/Factory | Core integrity fell below 20% 4296 | -6/Factory | Lost 3 parts (1p1n1u) 4340 | -6/Factory | Entered Lower Caves 4353 | -6/Lower Caves | Destroyed by S-27 Virus with Autogun Last Messages --------------- 04282_ Destabilizing: System corrupted (+2). 04283_ K-01 Serf collects debris. 04287_ Slug penetrates Fabricator. 04290_ K-01 Serf cleans the Fabricator. 04290_ Slug penetrates Wall. 04294_ K-01 Serf cleans the Fabricator. 04295_ Slug penetrates Wall. 04298_ Wall collapses. 04304_ U-05 Engineer works on Construction Platform. 04316_ Triggered Blade Trap. 04316_ Massive razor-sharp blades shoot up from within the floor. 04318_ WRRV0X>MATNXIQ,6B5OY1UX LOCATION=LOWER CAVES GOAL=ESCAPE 04350_ Wheeled Huge-Gravmag Exoskeleton destroyed. 04350_ Wheeled Huge-Gravmag Exoskeleton core remains intact and functional. Map ----- +----------------------------------------------------+ | ?????????????????????????????????????????????????? | | ?????????????????????????????????????????????????? | | ?????????????????????????????????????????????????? | | ?????????????????????????????????????????????????? | | ?????????????????????????????????????????????????? | | ?????????????????????????????????????????????????? | | ?????????????????????????????????????????????????? | | ?????????????????????????????????????????????????? | | ?????????????????????????????????????????????????? | | ?????????????????????????????????????????????????? | | ????????????????????????????###????????????#?????? | | ???????????????????????????# ???????#### ?????? | | ???????????????????????????# ????????# ?????? | | ???????????????????????????# ???????## ?????? | | ???????????????????????????# ???????# #?????? | | ??????????????????????????## ???????# ##????? | | ?????????????????????????## #???????? #????? | | ?????????????????????????# #???????? #???? | | ?????????????????????????# ##??????? #??? | | ??????????????????###???## ###?????? #### | | ??????????????????# ??# ##????? | | ??????????????????# ?# ##????# | | ??????????????????# #?# #???## | | ??????????????????# #?# #??## | | ?????????????????## ## s s #### | | ?????????? @ ss | | ?????????? ## | | ?????????? ### #### | | ??????????? #### #?# #??# | | ??????????? ??????## #?# ## | | ??????????????????????## #?###?# | | ???????????????????????# #?????? | | ???????????????????????## ##??????# | | ????????????????????????# ########???????? | | ????????????????????????# #??????????????? | | ????????????????????????## ???????????????? | | ?????????????????????????## ???????????????? | | ??????????????????????????#####??????????????? | | ??????????????????????????????????????????????? | | ?????????????????????????????????????????????????? | | ?????????????????????????????????????????????????? | | ?????????????????????????????????????????????????? | | ?????????????????????????????????????????????????? | | ?????????????????????????????????????????????????? | | ?????????????????????????????????????????????????? | | ?????????????????????????????????????????????????? | | ?????????????????????????????????????????????????? | | ?????????????????????????????????????????????????? | | ?????????????????????????????????????????????????? | | ?????????????????????????????????????????????????? | +----------------------------------------------------+ Best States ------------- Heat Dissipation 56 Energy Generation 34 Energy Capacity 468 Matter Stores 300 Matter Capacity 300 Sight Range 16 Robot Scan Range 15 Terrain Scan Density 10 Evasion (%) 62 Recoil Reduction 5 Item Schematics ----------------- None Robot Schematics ------------------ None Fabricated ------------ Nothing Repaired ---------- Nothing Studied --------- None Alien Tech Used ----------------- None Achievements -------------- None Challenges ------------ None Game ------ Seed ccc Manual? 1 Play Time 00:37:27 Cumulative 101.9 hours Start 2025.11.23 @ 20:09:56 End 2025.11.23 @ 20:47:21 Sessions 1 Manual Loads 0 Difficulty Rogue Special Mode None Game No. 69 Rogue 63 Adventurer 6 Explorer 0 Win Type - Total 3 Types 3/0/0/0/0/0/0/0/0/0 Lore% 41 Gallery% 44 Achievement% 31 Wizard Run 0 Options --------- Layout 2 ASCII 1 Keyboard 1 Movement Vi Keybinds 0 Fullscreen 1 Font 32/SmallcapsGlow Map View 50x44 Zoom Use 0% Tactical HUD 1 Map Filters NONE Filters NONE Steam 1 RUN: d45d725a-353f-4c95-bb45-45ddcc8c15e4